 Dungeon Crawl Stone Soup version 0.16-a0-3553-gf2c86d1 (webtiles) character file.

37 Miyamura the Ogre Mage (level 3, -3/35 HPs)
             Began as an Ogre Wizard on Jan 10, 2015.
             Slain by an adder (5 damage)
             ... on level 2 of the Dungeon.
             The game lasted 00:05:23 (1003 turns).

Miyamura the Ogre Mage (Ogre Wizard)                Turns: 1003, Time: 00:05:24

Health: -3/35      AC:  3    Str: 12    XL:     3   Next: 41%
Magic:  4/9        EV: 10    Int: 18    God:
Gold:   78         SH:  0    Dex:  8    Spells: 4 memorised, 3 levels left

rFire  . . .     SeeInvis .     i - +0 club
rCold  . . .     Clarity  .     a - +0 robe
rNeg   . . .     SustAb   .     (shield restricted)
rPois  .         Gourm    .     b - +0 hat
rElec  .         Spirit   .     (no cloak)
rCorr  .         Warding  .     (gloves unavailable)
rMut   .         Stasis   .     (boots unavailable)
MR     .....                    g - amulet of regeneration
Stlth  +.........               (no ring)
                                (no ring)

@: lethally poisoned, very slightly contaminated, not resistant to hostile
enchantments, very unstealthy
A: unfitting armour, tough skin 1
a: no special abilities


You were on level 2 of the Dungeon.
You were hungry.

You visited 1 branch of the dungeon, and saw 2 of its levels.

You collected 78 gold pieces.

Inventory:

Hand weapons
 i - a +0 club (weapon)
Armour
 a - a +0 robe (worn)
 b - a +0 hat (worn)
Jewellery
 e - an uncursed amulet of warding
 g - an amulet of regeneration (around neck)
 j - a +4 ring of slaying {unknown}
Potions
 f - a potion of agility {unknown}
 k - a potion of flight {unknown}
Books
 c - a book of Minor Magic

   Spells                             Type                      Level
   a - Magic Dart                     Conjuration                  1
   b - Blink                          Translocation                2
   c - Call Imp                       Summoning                    2
   d - Repel Missiles                 Charms/Air                   2
   e - Slow                           Hexes                        2
   f - Conjure Flame                  Conjuration/Fire             3
   g - Mephitic Cloud                 Conjuration/Poison/Air       3
Comestibles
 d - a meat ration
 h - 3 chunks of flesh


   Skills:
 + Level 2.1 Fighting
 + Level 1.1 Maces & Flails
 + Level 2.0 Dodging
 - Level 1.7 Stealth
 + Level 4.0 Spellcasting
 - Level 0.7 Conjurations
 - Level 0.6 Summonings
 - Level 0.6 Translocations


You had 3 spell levels left.
You knew the following spells:

 Your Spells              Type           Power        Failure   Level  Hunger
a - Magic Dart            Conj           #...         12%         1    None
b - Blink                 Tloc           N/A          17%         2    ##.....
c - Call Imp              Summ           #.......     17%         2    ##.....
m - Repel Missiles        Chrm/Air       #.....       21%         2    ##.....


Dungeon Overview and Level Annotations

Branches:
Dungeon (2/15)

Altars:


Innate Abilities, Weirdness & Mutations

You are too large for most types of armour.
You have tough skin (AC +1).


Message History

You are too injured to fight recklessly!
Casting: Call Imp
Confirm with . or Enter, or press ? or * to list all spells.
Aiming: Magic Dart
Press: ? - help, Shift-Dir - straight line, f/p - adder
Aim: an adder (severely wounded)
You miscast Magic Dart.
You are very lightly contaminated with residual magic.
You are momentarily dazzled by a flash of light!
You feel sick. The adder bites you.
* * * LOW HITPOINT WARNING * * *
Unknown command.
Casting: Magic Dart
Confirm with . or Enter, or press ? or * to list all spells.
A beastly little devil appears in a puff of flame.
You are feeling hungry.
The adder bites you.
* * * LOW HITPOINT WARNING * * *
You feel sick. The adder bites you.
You die...

#.# #.# #.# #+# #.#
##...## #.# . ##.....##
#.## ... ##.......## #..#
......####.........####...
.....>..S@...>.....)......
#.....####5........####...
### ##......†## ###.#
##.....## #...) ##...##
#.#.# ##'## #.#.# #.#
#.#.# #.# #.#.#
##.#######.#.#


You could see an adder and a friendly crimson imp.

Vanquished Creatures
  5 bats (D:1)
  A giant cockroach (D:2)
  3 goblins
  6 hobgoblins
  4 kobolds
  2 rats
21 creatures vanquished.

Vanquished Creatures (collateral kills)
  A gnoll (D:1)
  A worm (D:2)
  A rat (D:1)
3 creatures vanquished.

Vanquished Creatures (others)
  A shadow imp (D:2)
  A white imp (D:2)
2 creatures vanquished.

Grand Total: 26 creatures vanquished

Notes
Turn   | Place    | Note
--------------------------------------------------------------
     0 | D:1      | Miyamura, the Ogre Wizard, began the quest for the Orb.
     0 | D:1      | Reached XP level 1. HP: 16/16 MP: 4/4
   323 | D:1      | Reached skill level 1 in Fighting
   323 | D:1      | Reached XP level 2. HP: 25/27 MP: 4/6
   327 | D:1      | Learned a level 2 spell: Blink
   330 | D:1      | Learned a level 2 spell: Repel Missiles
   333 | D:1      | Learned a level 2 spell: Call Imp
   702 | D:1      | Reached XP level 3. HP: 11/35 MP: 4/8
   703 | D:1      | Reached skill level 4 in Spellcasting
   794 | D:1      | You fall through a shaft!
   841 | D:2      | Reached skill level 1 in Maces & Flails
  1003 | D:2      | Slain by an adder

Action                   || total
-------------------------++-------
Melee: Unarmed           ||     8
       Club              ||   103
 Cast: Magic Dart        ||    22
       Call Imp          ||     6
  Use: Scroll            ||     3
  Eat: Chunk             ||     1
